 Dungeon Crawl Stone Soup version 0.27.1-33-g824d729ab1 (webtiles) character file.

Game seed: 8533677003704831727

12 halfoni the Chopper (level 2, -4/24 HPs)
             Began as a Human Berserker on Dec 18, 2021.
             Was a Follower of Trog.
             Slain by a kobold (7 damage)
             ... on level 1 of the Dungeon.
             The game lasted 00:01:59 (317 turns).

halfoni the Chopper (Human Berserker)                Turns: 317, Time: 00:02:00

Health: -4/24      AC:  8    Str: 17    XL:     2   Next: 45%
Magic:  2/2        EV:  7    Int:  7    God:    Trog [*.....]
Gold:   12         SH:  0    Dex: 12    Spells: 1/1 levels left

rFire    . . .     SeeInvis .   a - +0 hand axe
rCold    . . .     Faith    .   (no shield)
rNeg     . . .     Spirit   .   c - +0 chain mail
rPois    .         Reflect  .   (no helmet)
rElec    .         Harm     .   (no cloak)
rCorr    .         Rampage  .   (no gloves)
Will     .....                  (no boots)
Stlth    ..........             e - amulet of regeneration
HPRegen  1.08/turn              (no ring)
MPRegen  0.08/turn              (no ring)

@: on berserk cooldown, slowed, very slow
A: no striking features
a: Renounce Religion, Berserk


You were on level 1 of the Dungeon.
You worshipped Trog.
Trog was aware of your devotion.
You visited 1 branch of the dungeon, and saw 1 of its levels.

You collected 12 gold pieces.

Inventory:

Hand Weapons
 a - a +0 hand axe (weapon)
Armour
 b - a +0 animal skin
 c - a +0 chain mail (worn)
Jewellery
 e - an amulet of regeneration (around neck)
Scrolls
 f - a scroll of identify {unknown}
 g - a scroll of noise {unknown}
Potions
 d - 2 potions of curing {unknown}
 h - a potion of brilliance {unknown}


   Skills:
 + Level 3.2 Fighting
 + Level 3.3 Axes
 + Level 2.1 Armour
 + Level 2.1 Dodging


You had one spell level left.
You didn't know any spells.
Your spell library was empty.

Dungeon Overview and Level Annotations

Branches:
Dungeon (1/15)

Altars:


Message History

Moving in this stuff is going to be slow.
You see here a hobgoblin corpse.
You hit the kobold.
The kobold is moderately wounded.
The kobold barely misses you. x2
Your unstable footing causes you to fumble your attack.
The kobold hits you but does no damage. x2
The kobold hits you with a +4 short sword of speed.
You closely miss the kobold.
The kobold is moderately wounded.
The kobold hits you with a +4 short sword of speed. x3
You miss the kobold. The kobold hits you but does no damage.
The kobold hits you with a +4 short sword of speed.
You closely miss the kobold. The kobold hits you but does no damage.
The kobold hits you with a +4 short sword of speed!
The kobold hits you with a +4 short sword of speed.
Your unstable footing causes you to fumble your attack.
The kobold hits you but does no damage. The kobold barely misses you.
Your unstable footing causes you to fumble your attack.
The kobold hits you but does no damage. The kobold barely misses you.
The kobold hits you with a +4 short sword of speed.
You barely miss the kobold.
The kobold hits you with a +4 short sword of speed. x2
* * * LOW HITPOINT WARNING * * *
The kobold hits you with a +4 short sword of speed.
* * * LOW HITPOINT WARNING * * *
You're still recovering from your berserk rage.
Okay, then.
You hit the kobold.
The kobold is moderately wounded.
The kobold hits you with a +4 short sword of speed.
* * * LOW HITPOINT WARNING * * *
The kobold hits you with a +4 short sword of speed.
* * * LOW HITPOINT WARNING * * *
The kobold hits you but does no damage.
You hit the kobold.
The kobold is heavily wounded.
The kobold hits you but does no damage.
The kobold hits you with a +4 short sword of speed!
You die...

#########
##.).....####
#).†K@≈≈.≈.≈#
#.≈≈##+++≈#.##
#.≈#≈≈≈.≈≈≈#.#
#....#..≈≈..≈#≈###
........≈≈≈≈≈≈≈≈#≈.≈##
.....≈≈#≈≈.≈.≈≈≈≈#≈≈.#
.....≈#≈≈..≈_≈.≈≈.≈≈.#
..(...
8.#≈#####≈8≈≈.## ###
.....≈ ##.. .≈#≈##≈..#
#..


You could see a kobold.

Vanquished Creatures
  An endoplasm (D:1)
  A giant cockroach (D:1)
  2 goblins (D:1)
  A hobgoblin (D:1)
  A quokka (D:1)
  2 ball pythons (D:1)
  A bat (D:1)
  2 kobolds (D:1)
  A spectral kobold (D:1)
12 creatures vanquished.

Notes
Turn   | Place    | Note
-------+----------+-------------------------------------------
     0 | D:1      | halfoni the Human Berserker began the quest for the Orb.
     0 | D:1      | Reached XP level 1. HP: 18/18 MP: 1/1
   233 | D:1      | Reached XP level 2. HP: 24/24 MP: 2/2
   260 | D:1      | Found a faded altar of an unknown god.
   316 | D:1      | HP: 1/24 [kobold (3)]
   317 | D:1      | Slain by a kobold

Illustrated notes

Levels and vault maps discovered:
D:1:      dpeg_cavernosity, layout_loops_ring,
          dreamdust_ecumenical_altar_drowned_temple, minmay_tetromino_o2

Action                   || total
-------------------------++-------
Melee: Hand axe          ||    40
Invok: Berserk           ||     1
Armor: Chain mail        ||    26
Dodge: Dodged            ||    20
